 Dungeon Crawl Stone Soup version 0.27-a0-249-g74f53ef629 (webtiles) character file.

Game seed: 16507423978287033414

1381 puppykicker the Cruncher (level 8, -2/46 HPs)
             Began as a Deep Elf Gladiator on Feb 4, 2021.
             Was an Initiate of Kikubaaqudgha.
             Slain by an orc warrior
             ... wielding a +0 scimitar
              (22 damage)
             ... on level 6 of the Dungeon.
             The game lasted 00:28:09 (7292 turns).

puppykicker the Cruncher (Deep Elf Gladiator)       Turns: 7292, Time: 00:28:09

Health: -2/46      AC:  6    Str: 11    XL:     8   Next: 39%
Magic:  1/13       EV: 14    Int: 16    God:    Kikubaaqudgha [......]
Gold:   206        SH:  0    Dex: 16    Spells: 3/11 levels left

rFire    . . .     SeeInvis .   a - +0 quarterstaff
rCold    . . .     Faith    .   (shield currently unavailable)
rNeg     . . .     Spirit   .   d - +0 leather armour
rPois    .         Reflect  .   c - +1 helmet
rElec    .         Harm     .   (no cloak)
rCorr    .         Rampage  .   (no gloves)
Will     .....                  y - +0 pair of boots
Stlth    +.........             (no amulet)
HPRegen  0.15/turn              n - ring of flight
MPRegen  0.13/turn              (no ring)

@: very slightly contaminated
A: no striking features
a: Renounce Religion, Evoke Flight


You were on level 6 of the Dungeon.
You worshipped Kikubaaqudgha.
Kikubaaqudgha was noncommittal.
You visited 1 branch of the dungeon, and saw 6 of its levels.

You collected 206 gold pieces.

Inventory:

Hand Weapons
 a - a +0 quarterstaff (weapon)
 b - a +0 shortbow
Missiles
 g - 13 boomerangs (quivered)
 q - 9 poisoned darts
 Q - 70 arrows
Armour
 c - a +1 helmet (worn)
 d - a +0 leather armour (worn)
 y - a +0 pair of boots (worn)
Jewellery
 n - a ring of flight (left hand)
Scrolls
 h - 2 scrolls of amnesia
 i - 9 scrolls of identify
 p - a scroll of noise {unknown}
 r - a scroll of magic mapping {unknown}
 t - a scroll of enchant armour
 u - 2 scrolls of remove curse {unknown}
 w - a scroll of teleportation {unknown}
Potions
 e - a potion of curing
 f - 3 potions of resistance
 j - 2 potions of heal wounds {unknown}
 k - 3 potions of attraction {unknown}
 l - a potion of berserk rage {unknown}
 m - 3 potions of might {unknown}
 o - a potion of lignification {unknown}
 s - a potion of degeneration {unknown}
 v - 2 potions of flight
 x - 2 potions of brilliance {unknown}
 z - a potion of mutation {unknown}


   Skills:
 + Level 3.3 Fighting
 * Level 8.1 Staves
 - Level 2.0 Throwing
 + Level 2.8 Armour
 - Level 5.0 Dodging
 + Level 2.3 Spellcasting
 + Level 1.7 Conjurations
 + Level 1.5 Summonings
 + Level 1.5 Translocations
 + Level 0.4 Air Magic
 + Level 0.4 Poison Magic


You had 3 spell levels left.
You knew the following spells:

 Your Spells              Type           Power        Failure   Level
a - Magic Dart            Conj           28%          13%         1
c - Call Imp              Summ           6%           21%         2
p - Blink                 Tloc           N/A          21%         2
x - Mephitic Cloud        Conj/Pois/Air  4%           47%         3

Your spell library contained the following spells:

 Spells                   Type           Power        Failure   Level
 Slow                     Hex            1%           36%         2
 Conjure Flame            Conj/Fire      4%           47%         3


Dungeon Overview and Level Annotations

Branches:
Dungeon (6/15)
 Temple: D:4-7

Altars:
Ashenzari
Dithmenos
Kikubaaqudgha
Makhleb
Okawaru


Message History

It is a scroll of enchant armour.
Your +0 helmet glows green for a moment.
You feel sick. The centaur hits you.
* * * LOW HITPOINT WARNING * * *
The centaur hits you!
* * * LOW HITPOINT WARNING * * *
You take 12 damage, and have 13/46 hp.
MASSIVE DAMAGE!!
You feel better. The centaur closely misses you.
The orc warrior hits you but does no damage.
You regained 7 hp, and now have 20/46 hp.
Casting: Blink (safe; 21% risk of failure)
You miscast Blink.
Nothing appears to happen.
* * * LOW MAGIC WARNING * * *
The centaur barely misses you.
The centaur hits you but does no damage.
The orc warrior hits you with a +0 scimitar!!
You die...
Kikubaaqudgha rasps: "You have failed me!
Welcome... death!"

.#..# #.# .....# ##.#
......####..# ###
............# #.##
#....$.....# #..#
#..........# ##..#
............## #...#
.)...........#####...######
#####....###.o@...........###
#..### ###c)รท######.....###
#.. #.)## ####....# #.#
##...## #...## .. #.....#
##..## #. ##.....### ##...##
##........####.....##
##..##.##....#..[#.... #
##..###.####....###....


You could see an orc warrior and a centaur.

Levels and vault maps discovered:
D:1:      shiori_arrival_elements, layout_rooms, chequers_serial_rivers_room_a
D:2:      layout_basic, uniq_sigmund, uniq_terence
D:3:      layout_basic, uniq_ijyb, uniq_grinder
D:4:      layout_basic, makhleb_heckhound_becter
D:5:      layout_basic, gammafunk_temple_overflow_elements, kennysheep_donut,
          nicolae_ashenzari_panopticon
D:6:      layout_layer_cave, okawaru_trees_1, uniq_maggie, uniq_blork_the_orc,
          uniq_edmund

Notes
Turn   | Place    | Note
-------+----------+-------------------------------------------
     0 | D:1      | puppykicker the Deep Elf Gladiator began the quest for the
                  | Orb.
     0 | D:1      | Reached XP level 1. HP: 12/12 MP: 3/3
    49 | D:1      | Identified a +0 club
    71 | D:1      | Identified a +0 club
    71 | D:1      | Identified a +0 club
    87 | D:1      | Reached XP level 2. HP: 15/16 MP: 4/4
   172 | D:1      | Identified a +0 club
   505 | D:1      | Identified a +0 club
   508 | D:1      | Reached skill level 4 in Staves
   526 | D:1      | Identified a +0 dagger
   578 | D:1      | Identified a ring of flight (You found it on level 1 of the
                  | Dungeon)
   788 | D:2      | Identified a +0 scythe
   788 | D:2      | Identified a +0 robe
   788 | D:2      | Noticed Sigmund
   831 | D:2      | Identified a +0 quarterstaff
   936 | D:2      | Killed Sigmund
   937 | D:2      | Reached skill level 6 in Staves
   937 | D:2      | Reached XP level 3. HP: 13/21 MP: 5/5
   937 | D:2      | Reached XP level 4. HP: 16/26 MP: 6/6
   937 | D:2      | Reached XP level 5. HP: 19/30 MP: 7/7
  1300 | D:2      | Identified a +0 short sword
  1525 | D:2      | Identified a +0 flail
  1525 | D:2      | Identified a +0 chain mail
  1525 | D:2      | Noticed Terence
  1544 | D:2      | Killed Terence
  1602 | D:2      | Identified a +0 club
  1603 | D:2      | Identified a +0 club
  1709 | D:2      | Identified a +0 dagger
  1964 | D:3      | Noticed Grinder
  1974 | D:3      | Paralysed by Grinder for 4 turns
  1993 | D:3      | HP: 5/30 [Grinder/nerve-wracking pain (13)]
  2004 | D:3      | Identified 2 potions of resistance
  2005 | D:3      | Identified 3 potions of curing
  2011 | D:3      | Paralysed by Grinder for 7 turns
  2255 | D:3      | Identified a +0 trident
  2255 | D:3      | Identified a +0 leather armour
  2526 | D:3      | Identified a +0 dagger
  2526 | D:3      | Identified a +0 leather armour
  2526 | D:3      | Noticed Ijyb
  2539 | D:3      | Killed Ijyb
  2540 | D:3      | Reached skill level 4 in Dodging
  2540 | D:3      | Reached XP level 6. HP: 35/35 MP: 8/8
  2889 | D:3      | Killed Grinder
  2890 | D:3      | Reached skill level 2 in Fighting
  2890 | D:3      | Reached skill level 1 in Armour
  2981 | D:4      | Found a burning altar of Makhleb.
  3068 | D:4      | Identified a cursed -1 spear
  3068 | D:4      | Identified a +0 flail
  3068 | D:4      | Identified a +0 whip
  3112 | D:3      | HP: 8/36 [hound (5)]
  3118 | D:3      | Reached XP level 7. HP: 9/40 MP: 9/9
  3420 | D:4      | Identified a +0 dagger
  3420 | D:4      | Identified a +0 dagger
  3420 | D:4      | Identified a +0 ring mail
  3420 | D:4      | Identified a +0 hand axe of flaming
  3420 | D:4      | Identified a +0 short sword
  3420 | D:4      | Identified a +0 scale mail
  3592 | D:4      | Identified a +0 whip
  3631 | D:3      | Reached skill level 7 in Staves
  3779 | D:4      | Identified a +0 war axe
  3779 | D:4      | Identified a +0 leather armour
  3783 | D:4      | Identified a cursed -1 mace
  3783 | D:4      | Identified a +0 leather armour
  3828 | D:4      | Identified a +0 whip
  3830 | D:4      | Identified a +0 hand axe
  3830 | D:4      | Identified a +0 chain mail
  3831 | D:4      | Identified a +0 trident
  3831 | D:4      | Identified a +0 leather armour
  3987 | D:4      | Reached skill level 2 in Armour
  4020 | D:4      | Identified a +0 short sword
  4032 | D:4      | Identified a +0 club
  4086 | D:4      | Identified a +0 flail
  4597 | D:4      | Reached skill level 5 in Dodging
  4636 | D:4      | Identified a +0 trident
  4640 | D:4      | Identified a +0 dagger
  4640 | D:4      | Identified a +0 scale mail
  4650 | D:4      | HP: 5/40 [orc priest/divine providence (8)]
  4934 | D:4      | Identified a +0 falchion
  4961 | D:4      | Reached skill level 3 in Fighting
  5021 | D:4      | Learned a level 2 spell: Blink
  5023 | D:4      | Learned a level 1 spell: Magic Dart
  5026 | D:4      | Learned a level 2 spell: Call Imp
  5123 | D:5      | Entered Level 5 of the Dungeon
  5425 | D:5      | Found a broken altar of Ashenzari.
  5498 | D:5      | Found a shadowy altar of Dithmenos.
  5498 | D:5      | Found an ancient bone altar of Kikubaaqudgha.
  5502 | D:5      | Became a worshipper of Kikubaaqudgha
  5640 | D:5      | Reached skill level 1 in Spellcasting
  5640 | D:5      | Reached XP level 8. HP: 34/46 MP: 11/11
  5734 | D:5      | Identified a +0 pair of boots (You found it on level 5 of
                  | the Dungeon)
  5751 | D:6      | Identified a +0 spear
  5751 | D:6      | Identified a +0 spear
  6073 | D:6      | Found an iron altar of Okawaru.
  6073 | D:6      | Identified a +0 dire flail
  6073 | D:6      | Identified a +0 robe
  6100 | D:5      | Reached skill level 1 in Conjurations
  6100 | D:5      | Reached skill level 1 in Summonings
  6100 | D:5      | Reached skill level 1 in Translocations
  6164 | D:6      | Identified a cursed +5 scimitar
  6164 | D:6      | Identified a +0 robe
  6373 | D:6      | Identified a +3 great sword
  6373 | D:6      | Identified a +0 robe
  6428 | D:6      | Noticed a troll
  6434 | D:6      | Identified 10 scrolls of identify
  6434 | D:6      | Identified 2 potions of flight
  6542 | D:6      | Identified a +0 whip
  6542 | D:6      | Identified a +0 whip
  6543 | D:6      | Identified a +0 club
  6545 | D:6      | Identified a +0 shortbow
  6593 | D:5      | Learned a level 3 spell: Mephitic Cloud
  6637 | D:6      | Identified a +0 trident
  6637 | D:6      | Identified a +0 chain mail
  6639 | D:6      | Identified a +0 club
  6640 | D:6      | Identified a +0 scimitar
  6640 | D:6      | Identified a +0 chain mail
  6760 | D:5      | HP: 3/44 [orc warrior/+0 scimitar (14)]
  6845 | D:5      | Reached skill level 8 in Staves
  7055 | D:6      | Reached skill level 2 in Spellcasting
  7063 | D:6      | Identified a +0 shortbow
  7273 | D:6      | Identified a cursed -2 hand axe
  7274 | D:6      | Identified a +0 scimitar
  7274 | D:6      | Identified a +0 plate armour
  7276 | D:6      | Identified a +0 long sword
  7276 | D:6      | Identified a +0 robe
  7289 | D:6      | Identified 3 scrolls of amnesia
  7290 | D:6      | Identified 2 scrolls of enchant armour
  7292 | D:6      | Slain by an orc warrior

Table legend: (Time is in decaauts)
 A = Elapsed time spent in this place.
 B = Non-inter-level travel time spent in this place.
 C = Inter-level travel time spent in this place.
 D = Time resting spent in this place.
 E = Time spent auto-exploring this place.
 F = Levels seen in this place.
 G = Mean time per level.
                   A        B        C        D        E       F      G
               +--------+--------+--------+--------+--------+-----+--------+
         Total |   7314 |   6781 |    533 |   2363 |   2943 |   6 | 1219.0 |
       Dungeon |   7314 |   6781 |    533 |   2363 |   2943 |   6 | 1219.0 |
               +--------+--------+--------+--------+--------+-----+--------+

Top non-repeatable levels by time:
     D:3: 1771 daAuts
     D:5: 1423 daAuts
     D:2: 1361 daAuts
     D:4: 1209 daAuts
     D:1: 807 daAuts
     D:6: 741 daAuts

Table legend:
 A = Kills in this place as a percentage of kills in entire the game.
 B = Kills by you in this place as a percentage of kills by you in the entire game.
 C = Kills by friends in this place as a percentage of kills by friends in the entire game.
 D = Other kills in this place as a percentage of other kills in the entire game.
 E = Experience gained in this place as a percentage of experience gained in the entire game.
 F = Experience gained in this place divided by the number of levels of this place that you have seen.
                   A       B       C       D       E      F
               +-------+-------+-------+-------+-------+----------------------
         Total | 100.0 | 100.0 | 100.0 | 100.0 | 100.0 | 329.0
       Dungeon | 100.0 | 100.0 | 100.0 | 100.0 | 100.0 | 329.0
               +-------+-------+-------+-------+-------+----------------------

Skill      XL: |  1  2  3  4  5  6  7  8 |
---------------+-------------------------+-----
Staves         | 6 7 8 |  8.1
Dodging        | 4 5 |  5.0
Fighting       | 2 3 |  3.3
Armour         | 1 2 |  2.8
Spellcasting   | 1 2 |  2.3
Conjurations   | 1 |  1.7
Summonings     | 1 |  1.5
Translocations | 1 |  1.5
Throwing       | |  2.0
Air Magic      | |  0.4
Poison Magic   | |  0.4

Action                   |  1- 3 |  4- 6 |  7- 9 || total
-------------------------+-------+-------+-------++-------
Melee: Quarterstaff      |    57 |    69 |   119 ||   245
       Unarmed           |       |    11 |     3 ||    14
Throw: Boomerang         |    10 |    32 |    84 ||   126
       Throwing net      |     3 |     4 |       ||     7
       Dart              |       |    10 |    82 ||    92
 Cast: Call Imp          |       |       |    29 ||    29
       Blink             |       |       |     6 ||     6
Evoke: Wand              |       |     2 |     1 ||     3
  Use: Potion            |       |     2 |     2 ||     4
       Scroll            |       |       |     3 ||     3
 Stab: Held in net/web   |     1 |       |       ||     1
       Sleeping          |     1 |       |       ||     1
       Confused          |       |     1 |       ||     1
Armor: Leather armour    |    11 |    21 |    15 ||    47
       Skin              |       |     3 |       ||     3
Dodge: Dodged            |    36 |    67 |   119 ||   222

Vanquished Creatures
  Grinder (D:3)
  Sigmund (D:2)
  3 scorpions
  3 wights
  A howler monkey (D:5)
  2 hounds
  4 orc priests
  Terence (D:2)
  An iguana (D:5)
  4 worker ants
  Ijyb (D:3)
  9 gnolls
  4 adders
  An adder skeleton (D:4)
  2 worms
  2 leopard geckos (D:2)
  16 orcs
  5 bats
  2 giant cockroaches
  5 goblins
  8 hobgoblins
  9 jackals
  2 quokkas
  5 frilled lizards
  4 kobolds
  5 rats
101 creatures vanquished.

Vanquished Creatures (collateral kills)
  An orc warrior (D:5)
  A centaur (D:6)
  A jelly (D:6)
  A gnoll (D:5)
  An orc (D:5)
5 creatures vanquished.

Vanquished Creatures (others)
  A jelly (D:6)
1 creature vanquished.

Grand Total: 107 creatures vanquished
